Match 47216259
Unlisted

Match 47216259
End
Panzergrenadier Squad
Selects Armored Support Battlegroup
250 Light Carrier
Panzergrenadier Squad
Construct Light Support Kompanie
Panzerjäger Squad
Panzerjäger Squad
MG34 Team
Selects Superior Fire Drills
2.5-tonne Medical Truck
Construct Mechanized Kompanie
254 Reconnaissance Tractor
Selects Flammpanzer III Medium Tank
Flammpanzer III Medium Tank
Marder III Tank Destroyer
Marder III Tank Destroyer
254 Reconnaissance Tractor
Selects Salvage Kits
Construct Panzerarmee Kommand
2.5-tonne Medical Truck
Walking Stuka Rocket Launcher
254 Reconnaissance Tractor
Panzer III L Medium Tank
Selects Panzer Storm
Selects Stuka Dive Bomb
Stuka Dive Bomb
MindfulRaptor
frostie
不可抱萌物
Boneless
Arwootarch
BazookaJoe
0
0

Comments sign in to comment!

No comments posted yet!